 Dungeon Crawl Stone Soup version 0.30-a0-134-gb40fab5c76 (webtiles) character file.

Game seed: 2890946728890421047

679 greasedhog the Sneak (level 7, -9/36 HPs)
             Began as a Gargoyle Hedge Wizard on Sept 19, 2022.
             Blown up by Pikel (20 damage)
             ... with a mindburst bolt
             ... on level 5 of the Dungeon.
             The game lasted 00:10:17 (6265 turns).

greasedhog the Sneak (Gargoyle Hedge Wizard)        Turns: 6265, Time: 00:10:18

Health: -9/36      AC: 11    Str: 14    XL:     7   Next: 60%
Magic:  20/20      EV: 11    Int: 17    God:
Gold:   216        SH:  0    Dex: 11    Spells: 11/12 levels left

rFire   . . .      SeeInvis .    b - +0 dagger (venom)
rCold   . . .      Faith    .    (no shield)
rNeg    + . .      Spirit   .    p - +1 leather armour of Resourcefulness {MP+9}
rPois   ∞          Reflect  .    w - +2 helmet {Int+3}
rElec   +          Harm     .    (no cloak)
rCorr   .          Rampage  .    (no gloves)
Will    .....                    (no boots)
Stlth   +++.......               (no amulet)
HPRegen 0.12/turn                (no ring)
MPRegen 0.17/turn                (no ring)

@: no status effects
A: sickness immunity, AC +4, negative energy resistance 1, electricity
resistance, torment resistance 1, petrification resistance
a: no special abilities


You were on level 5 of the Dungeon.
You visited 1 branch of the dungeon, and saw 5 of its levels.

You collected 307 gold pieces.
You spent 91 gold pieces at shops.

Inventory:

Hand Weapons
 b - a +0 dagger of venom (weapon)
Armour
 p - the +1 leather armour of Resourcefulness (worn) {MP+9}
   (You found it on level 3 of the Dungeon)

   MP:        It affects your magic capacity (+9).
 w - a +2 helmet of intelligence (worn)
Jewellery
 u - a ring of fire
 y - a ring of willpower
Wands
 f - a wand of digging (1)
Scrolls
 a - 2 scrolls of magic mapping
 l - 3 scrolls of teleportation
 n - a scroll of enchant weapon
 q - a scroll of silence
 s - a scroll of enchant armour {unknown}
 v - a scroll of torment {unknown}
 x - 2 scrolls of blinking
Potions
 c - a potion of invisibility {unknown}
 d - 2 potions of magic
 e - 2 potions of curing
 g - a potion of lignification
 h - 3 potions of haste {unknown}
 i - a potion of ambrosia {unknown}
 j - a potion of berserk rage {unknown}
 k - 3 potions of resistance
 m - a potion of brilliance {unknown}
 o - a potion of attraction {unknown}
 r - a potion of degeneration {unknown}


   Skills:
 * Level 0.0 Fighting
 - Level 5.0 Short Blades
 - Level 1.5 Dodging
 * Level 7.1 Stealth
 - Level 3.0 Spellcasting
 - Level 1.1 Conjurations
 * Level 0.0 Hexes
 - Level 0.8 Summonings
 - Level 0.8 Translocations


You had 11 spell levels left.
You knew the following spells:

 Your Spells              Type           Power      Damage    Failure   Level
a - Magic Dart            Conj           24%        1d4       14%         1

Your spell library contained the following spells:

 Spells                   Type           Power      Damage    Failure   Level
 Slow                     Hex            8%         N/A       22%         1
 Searing Ray              Conj           12%        2d4       22%         2
 Blink                    Tloc           10%        N/A       24%         2
 Call Imp                 Summ           5%         N/A       24%         2
 Wereblood                Tmut           2%         N/A       32%         2
 Mephitic Cloud           Conj/Pois/Air  3%         N/A       50%         3
 Fulminant Prism          Conj/Hex       2%         3d6       87%         4
 Blade Hands              Tmut           1%         N/A       99%         5
 Irradiate                Conj/Tmut      2%         3d12      99%         5
 Dragon Form              Tmut           1%         N/A       100%        7
 Summon Hydra             Summ           2%         N/A       100%        7
 Cigotuvi's Dreadful Rot  Necr/Pois/Air  Unusable   N/A       N/A         2
 Sublimation of Blood     Necr           Unusable   N/A       N/A         2

Dungeon Overview and Level Annotations

Branches:
Dungeon (5/15)
 Temple: D:4-7

Altars:
Yredelemnul

Shops:
D:5 ??!*(

Annotations:
D:5 Ijyb, Pikel


Innate Abilities, Weirdness & Mutations

You are immune to sickness and miasma.
Your stone body is resilient. (AC +4)
You are immune to poison.
You resist negative energy. (rN+)
You are resistant to electric shocks. (rElec)
You are resistant to unholy torment.
You are immune to petrification.


Message History

Pikel is lightly wounded.
Pikel barely misses you.
You hit Pikel but do no damage.
Pikel looks as sick as possible!
Pikel is lightly wounded.
You completely miss Pikel.
Pikel is moderately wounded.
Pikel hits you but does no damage.
You miss Pikel.
Pikel is moderately wounded.
Pikel hits you with a +2 whip of freezing.
Pikel freezes you.
You hit Pikel but do no damage.
Pikel looks as sick as possible!
Pikel is heavily wounded.
Pikel hits you with a +2 whip of freezing.
Pikel freezes you.
You barely miss Pikel.
Pikel is heavily wounded.
You barely miss Pikel.
Pikel is heavily wounded.
Pikel barely misses you.
You closely miss Pikel.
Pikel is heavily wounded.
Pikel barely misses you.
You hit Pikel.
Pikel is heavily wounded.
Pikel hits you with a +2 whip of freezing.
Pikel freezes you.
You hit Pikel but do no damage.
Pikel looks as sick as possible!
Pikel is heavily wounded.
You hit Pikel.
Pikel looks as sick as possible!
Pikel is severely wounded.
Pikel hits you with a +2 whip of freezing.
Pikel freezes you.
You closely miss Pikel.
Pikel is severely wounded.
Pikel hits you with a +2 whip of freezing.
Pikel freezes you.
Pikel zaps a wand.
Your mind is blasted!
Ouch! That really hurt!
You die...

### ##.#.# #.#
# #...# #.# #.
#..## # #.#
####.##...##.#
#.#
#........g...#
#.#
######..55####
#.# #....#K#
#.#
###.##.#######.
#.#
#.##.@....<..
#.#
#.###########
#####.# #.#
#.....# #.#
#.##### #.# #.#
#.# #.# #.# #.#
#.# #.# #.# #.#


You could see Pikel (extremely poisoned), 2 lemures and Ijyb.

Vanquished Creatures
  An ogre (D:3)
  2 necrophages
  A scorpion (D:4)
  2 hounds
  An orc priest (D:2)
  Natasha (thrice) (D:2)
  An orc wizard (D:3)
  Robin (D:1)
  9 adders
  A white imp (D:3)
  An ufetubus (D:4)
  3 dart slugs
  5 orcs
  4 endoplasms
  6 giant cockroaches
  19 goblins
  8 hobgoblins
  14 jackals
  5 quokkas
  7 ball pythons
  5 bats
  3 kobolds
  10 rats
112 creatures vanquished.

Notes
Turn   | Place    | Note
-------+----------+-------------------------------------------
     0 | D:1      | greasedhog the Gargoyle Hedge Wizard began the quest for
                  | the Orb.
     0 | D:1      | Reached XP level 1. HP: 10/10 MP: 4/4
   162 | D:1      | Reached XP level 2. HP: 15/15 MP: 3/6
   242 | D:1      | Reached skill level 1 in Short Blades
   485 | D:1      | Reached skill level 3 in Stealth
   721 | D:1      | Reached XP level 3. HP: 11/19 MP: 1/7
  1846 | D:2      | Reached XP level 4. HP: 21/24 MP: 0/8
  1986 | D:2      | Noticed Robin
  2180 | D:2      | Reached skill level 4 in Stealth
  2234 | D:1      | Killed Robin
  2685 | D:2      | Noticed Natasha
  2713 | D:2      | Killed Natasha
  2714 | D:2      | Reached XP level 5. HP: 13/28 MP: 5/9
  3027 | D:2      | Noticed Natasha
  3039 | D:2      | Killed Natasha
  3040 | D:2      | Reached skill level 5 in Stealth
  3241 | D:2      | Noticed Natasha
  3255 | D:2      | Killed Natasha
  3657 | D:3      | Identified the +1 leather armour of Resourcefulness {MP+9}
  3789 | D:3      | Found a basalt altar of Yredelemnul.
  3875 | D:2      | Reached XP level 6. HP: 14/32 MP: 10/10
  4415 | D:3      | Reached skill level 6 in Stealth
  4683 | D:3      | Found a faded altar of an unknown god.
  5159 | D:4      | Reached XP level 7. HP: 36/36 MP: 11/11
  5871 | D:5      | Entered Level 5 of the Dungeon
  5984 | D:5      | Found Bimi's Antique Weapon Emporium.
  6050 | D:5      | Found Uqawk's Magic Scroll Shop.
  6056 | D:5      | Bought a scroll of identify for 26 gold pieces
  6056 | D:5      | Bought a scroll of identify for 26 gold pieces
  6056 | D:5      | Bought 3 scrolls of noise for 39 gold pieces
  6090 | D:5      | Found Hutwug's General Store.
  6114 | D:5      | Reached skill level 7 in Stealth
  6217 | D:5      | Found Xunofan's Magic Scroll Shop.
  6217 | D:5      | Noticed Pikel
  6218 | D:5      | Found Dunn's Distillery.
  6245 | D:5      | Reached skill level 5 in Short Blades
  6245 | D:5      | Noticed Ijyb
  6265 | D:5      | Blown up by Pikel

Illustrated notes

Levels and vault maps discovered:
D:1:      amcnicky_arrival_abandoned_market, layout_basic
D:2:      layout_basic, minmay_misc_feat_x, minmay_split_cup_large, uniq_robin,
          uniq_natasha
D:3:      cheibrodos_pilgrimage, layout_rooms, overflow_temple_1_default,
          dilly_ecumenical_altar_fadedgnrine, hangedman_decor_clover_reticule
D:4:      layout_basic
D:5:      minmay_chambers_of_fours, layout_loops_ring, serial_shops,
          nicolae_shop_temple_entry_statues_fountains, shop_fountains, shop,
          shop, shop, uniq_pikel, uniq_ijyb

Skill      XL: |  1  2  3  4  5  6  7 |
---------------+----------------------+-----
Short Blades   | 1 2 3 4 5 |  5.0
Stealth        | 3 4 5 6 7 |  7.1
Dodging        | |  1.5
Spellcasting   | |  3.0
Conjurations   | |  1.1
Summonings     | |  0.8
Translocations | |  0.8

Action                   |  1- 3 |  4- 6 |  7- 9 || total
-------------------------+-------+-------+-------++-------
Melee: Dagger            |    43 |   188 |   100 ||   331
       Punch             |       |     3 |       ||     3
 Cast: Magic Dart        |    80 |    76 |    27 ||   183
  Use: Scroll            |     3 |     1 |     2 ||     6
       Potion            |       |     3 |       ||     3
 Stab: Sleeping          |       |     9 |     2 ||    11
Armor: Robe              |    15 |     9 |       ||    24
       Skin              |       |    15 |       ||    15
       Animal skin       |       |    15 |       ||    15
       Leather armour    |       |    42 |    52 ||    94
Dodge: Dodged            |    44 |    83 |    42 ||   169

Table legend: (Time is in decaauts)
 A = Elapsed time spent in this place.
 B = Non-inter-level travel time spent in this place.
 C = Inter-level travel time spent in this place.
 D = Time resting spent in this place.
 E = Time spent auto-exploring this place.
 F = Levels seen in this place.
 G = Mean time per level.
                   A        B        C        D        E       F      G
               +--------+--------+--------+--------+--------+-----+--------+
         Total |   6216 |   6028 |    188 |    977 |   4074 |   5 | 1243.2 |
       Dungeon |   6216 |   6028 |    188 |    977 |   4074 |   5 | 1243.2 |
               +--------+--------+--------+--------+--------+-----+--------+

Top non-repeatable levels by time:
     D:1: 1985 daAuts
     D:2: 1801 daAuts
     D:3: 1087 daAuts
     D:4: 962 daAuts
     D:5: 379 daAuts
